 Dungeon Crawl Stone Soup version 0.29-a0-789-g7a8fcbc185 (webtiles) character file.

Game seed: 3343336897893539189

21 gobodom the Ducker (level 2, -1/22 HPs)
             Began as a Demonspawn Gladiator on July 2, 2022.
             Was a Believer of Ru.
             Succumbed to an adder's poison
             ... on level 2 of the Dungeon.
             The game lasted 00:03:35 (1286 turns).

gobodom the Ducker (Demonspawn Gladiator)           Turns: 1286, Time: 00:03:35

Health: -1/22      AC:  3    Str: 14    XL:     2   Next: 65%
Magic:  2/2        EV: 12    Int:  9    God:    Ru [**....]
Gold:   56         SH:  0    Dex: 14    Spells: 1/1 levels left

rFire   . . .      SeeInvis .   a - +0 war axe
rCold   . . .      Faith    .   (no shield)
rNeg    . . .      Spirit   .   b - +0 leather armour
rPois   .          Reflect  .   (helmet restricted)
rElec   .          Harm     .   (no cloak)
rCorr   .          Rampage  .   (no gloves)
Will    .....                   (no boots)
Stlth   +.........              (no amulet)
HPRegen 0.07/turn               (no ring)
MPRegen 0.08/turn               (no ring)

@: lethally poisoned (-1 -> -12), hasted, very quick
A: horns 1, inability to use devices
a: Renounce Religion


You were on level 2 of the Dungeon.
You worshipped Ru.
Ru was pleased with you.
You visited 1 branch of the dungeon, and saw 2 of its levels.

You collected 56 gold pieces.

Inventory:

Hand Weapons
 a - a +0 war axe (weapon)
Missiles
 d - 3 throwing nets (quivered)
 e - a javelin
Armour
 b - a +0 leather armour (worn)
Scrolls
 f - a scroll of enchant armour {unknown}
 g - a scroll of blinking {unknown}
 i - 2 scrolls of identify {unknown}
 j - a scroll of teleportation {unknown}
Potions
 k - 4 potions of heal wounds {unknown}


   Skills:
 + Level 2.1 Fighting
 + Level 3.0 Axes
 + Level 1.7 Throwing
 + Level 3.1 Dodging
 + Level 0.2 Stealth


You had one spell level left.
You didn't know any spells.
Your spell library was empty.

Dungeon Overview and Level Annotations

Branches:
Dungeon (2/15)

Altars:
Ru

Shops:
D:2 :


Innate Abilities, Weirdness & Mutations

You have a pair of small horns on your head.
You cannot study or use magical devices.


Message History

The adder is heavily wounded.
The adder bites you.
You focus your inner power and illuminate the adder in retribution!
The adder closely misses you.
You barely miss the adder.
The adder is heavily wounded.
The adder closely misses you. The adder bites you but does no damage.
You closely miss the adder.
The adder is heavily wounded.
The adder misses you. The adder bites you but does no damage.
You hit the adder.
The adder is severely wounded.
The adder bites you but does no damage.
You hit the adder.
The adder is severely wounded.
The adder barely misses you. The adder bites you but does no damage.
You barely miss the adder.
The adder is severely wounded.
The adder bites you. x2
You are poisoned.
The adder poisons you!
You barely miss the adder.
The adder is severely wounded.
You feel sick.
The adder stops glowing.
The adder barely misses you.
You closely miss the adder.
The adder is severely wounded.
You feel sick. The adder bites you.
You are lethally poisoned!
The adder poisons you! The adder bites you.
* * * LOW HITPOINT WARNING * * *
You barely miss the adder. Your headbutt misses the adder.
The adder is severely wounded.
* * * LOW HITPOINT WARNING * * *
You feel sick. The adder barely misses you. The adder bites you.
* * * LOW HITPOINT WARNING * * *
You are more poisoned.
The adder poisons you!
You focus your inner power and blind the adder in retribution!
It was a potion of haste.
You feel yourself speed up.
You die...

.......<#####..##
.######## ##.##
#######..#######
+................
########.######..
#.............
#.##.#.#......
#.#.#......
#.#@.......
#.#S.......
#.#..####+#
#.#..# #!.. #....
###.# ..


You could see an adder (blind).

Vanquished Creatures
  4 ball pythons
  A bat (D:2)
  3 endoplasms
  A goblin (D:1)
  2 hobgoblins (D:1)
  A quokka (D:1)
  A frilled lizard (D:1)
  4 kobolds (D:1)
  2 rats
19 creatures vanquished.

Notes
Turn   | Place    | Note
-------+----------+-------------------------------------------
     0 | D:1      | gobodom the Demonspawn Gladiator began the quest for the
                  | Orb.
     0 | D:1      | Reached XP level 1. HP: 16/16 MP: 1/1
   464 | D:1      | Found a faded altar of an unknown god.
   475 | D:1      | Prayed at the altar of an unknown god.
   475 | D:1      | Became a worshipper of Ru the Awakened
   480 | D:1      | Gained mutation: You cannot study or use magical devices.
                  | [Ru sacrifice]
   480 | D:1      | Reached * piety under Ru
   480 | D:1      | Reached ** piety under Ru
   502 | D:1      | Discovered your monstrous ancestry.
   502 | D:1      | Gained mutation: You have a pair of small horns on your
                  | head. [demonic ancestry]
   502 | D:1      | Reached XP level 2. HP: 7/22 MP: 2/2
  1211 | D:2      | Found Syj Uhux's Book Boutique.
  1286 | D:2      | Succumbed to an adder's poison

Illustrated notes

Levels and vault maps discovered:
D:1:      ebering_hopf_link, layout_basic, ebering_ecumenical_altar_mist,
          minmay_misc_feat_ornament, roderic_cross_of_infinity,
          roderic_serpentine_path, hangedman_abyss_or_decor_lesser_grid
D:2:      layout_basic, serial_shops, nicolae_shop_behind_doors

Skill      XL: |  1  2 |
---------------+-------+-----
Dodging        | 3 |  3.1
Axes           | 3 |  3.0
Fighting       | |  2.1
Throwing       | |  1.7
Stealth        | |  0.2

Action                   || total
-------------------------++-------
Melee: War axe           ||    56
       Headbutt          ||     4
Invok: Sacrifice Artific ||     1
  Use: Potion            ||     1
Armor: Leather armour    ||    16
Dodge: Dodged            ||    39

Table legend: (Time is in decaauts)
 A = Elapsed time spent in this place.
 B = Non-inter-level travel time spent in this place.
 C = Inter-level travel time spent in this place.
 D = Time resting spent in this place.
 E = Time spent auto-exploring this place.
 F = Levels seen in this place.
 G = Mean time per level.
                   A        B        C        D        E       F      G
               +--------+--------+--------+--------+--------+-----+--------+
         Total |   1306 |   1295 |     11 |      0 |   1111 |   2 |  653.0 |
       Dungeon |   1306 |   1295 |     11 |      0 |   1111 |   2 |  653.0 |
               +--------+--------+--------+--------+--------+-----+--------+

Top non-repeatable levels by time:
     D:1: 1220 daAuts
     D:2: 86 daAuts
